 Dungeon Crawl Stone Soup version 0.29.0-4-gdea44cf6ec (webtiles) character file.

Game seed: 16524982022974431835

1986 qw the Blocker (level 9, 0/65 HPs)
             Began as a Demonspawn Cinder Acolyte on Sept 8, 2022.
             Was a Priest of Ignis.
             Slain by a two-headed ogre
             ... wielding a +0 giant club
              (7 damage)
             ... on level 6 of the Dungeon.
             The game lasted 00:02:34 (7365 turns).

qw the Blocker (Demonspawn Cinder Acolyte)          Turns: 7365, Time: 00:02:35

Health: 0/65       AC: 10    Str: 16    XL:     9   Next: 1%
Magic:  10/10      EV: 11    Int: 15    God:    Ignis [***...]
Gold:   180        SH:  6    Dex: 10    Spells: 10/10 levels left

rFire   + . .      SeeInvis .   Y - +0 hand axe (freeze)
rCold   . . .      Faith    .   r - +0 buckler
rNeg    . . .      Spirit   .   k - +2 ring mail {rPois}
rPois   +          Reflect  .   t - +0 helmet
rElec   .          Harm     .   (no cloak)
rCorr   .          Rampage  .   n - +0 pair of gloves
Will    +....                   h - +0 pair of boots
Stlth   +.........              (no amulet)
HPRegen 0.20/turn               l - ring of willpower
MPRegen 0.12/turn               (no ring)

@: no status effects
A: powered by death 2, sturdy frame 1, demonic touch 1, weak 1
a: Renounce Religion, Fiery Armour, Foxfire Swarm, Rising Flame


You were on level 6 of the Dungeon.
You worshipped Ignis.
Ignis was most pleased with you.
You visited 1 branch of the dungeon, and saw 6 of its levels.

You collected 297 gold pieces.
You spent 117 gold pieces at shops.


Innate Abilities, Weirdness & Mutations

You regenerate health from kills.
Your movements are slightly less encumbered by armour. (ER -2)
Your touch may inflict minor irresistible damage on your foes.
You are weak. (Str -2)


   Skills:
 - Level 4.0 Fighting
 + Level 7.5 Axes
 - Level 1.0 Throwing
 - Level 2.0 Armour
 - Level 1.4 Dodging
 - Level 11.4 Shields
 - Level 1.0 Spellcasting
 - Level 2.6 Fire Magic


You had 10 spell levels left.
You didn't know any spells.
Your spell library contained the following spells:

 Spells                   Type           Power      Damage    Failure   Level
 Scorch                   Fire           16%        2d6       21%         2

Inventory:

Hand Weapons
 a - a -1 hand axe of flaming
 Y - a +0 hand axe of freezing (weapon)
Missiles
 e - 7 boomerangs (quivered)
Armour
 h - a +0 pair of boots (worn)
 k - a +2 ring mail of poison resistance (worn)
 n - a +0 pair of gloves (worn)
 r - a +0 buckler (worn)
 s - a +0 chain mail
 t - a +0 helmet (worn)
Jewellery
 g - a ring of protection from cold
 l - a ring of willpower (left hand)
Scrolls
 m - 2 scrolls of identify
Potions
 b - a potion of resistance {unknown}
 c - a potion of might
 d - a potion of mutation
 f - 6 potions of curing
 j - a potion of haste

Dungeon Overview and Level Annotations

Branches:
Dungeon (6/15)             Temple (0/1) D:4

Altars:
Dithmenos
Kikubaaqudgha
Makhleb

Shops:
D:5 [

Portals:
Abyss: D:4

Annotations:
D:3 Grinder
D:4 2 transporters, 1 runed translucent door, Crazy Yiuf; qw's ghost, amateur GrBe


Message History

You barely miss the gnoll.
The gnoll is severely wounded.
You block the gnoll's attack.
You hit the gnoll. You freeze the gnoll.
You kill the gnoll!
g - a ring of protection from cold You now have 180 gold pieces (gained 29).
You see here a +0 halberd.
There is an escape hatch in the floor here.
Found an escape hatch in the ceiling.
Enter note:
There is an escape hatch in the ceiling here.
Things that are here:
a +0 ring mail; a +0 trident You see here a +0 club.
You see here a +0 spear.
Things that are here:
a +0 shortbow; 16 stones
There is a burning altar of Makhleb here.
A two-headed ogre comes into view. It is wielding two +0 giant clubs.
The two-headed ogre shouts in stereo!
Throw: 7 boomerangs
Press: ? - help, Q - select action Shift-Dir - straight line, f - two-headed ogre You throw a boomerang.
The boomerang completely misses the two-headed ogre.
You hit the two-headed ogre. You freeze the two-headed ogre.
The two-headed ogre is lightly wounded.
The two-headed ogre hits you with a +0 giant club!
The two-headed ogre misses you.
You slash the two-headed ogre! You freeze the two-headed ogre.
The two-headed ogre is moderately wounded.
You hit the two-headed ogre. You freeze the two-headed ogre.
The two-headed ogre is moderately wounded.
The two-headed ogre hits you with a +0 giant club!
The two-headed ogre closely misses you.
You closely miss the two-headed ogre.
The two-headed ogre is moderately wounded.
The two-headed ogre hits you with a +0 giant club!!
The two-headed ogre hits you with a +0 giant club!
You die...

#.......##.#..#
########.......##.#..####
#..............##.#..##..
#.######.......##.#..##.#
#.# #.............##.#
#.# #.......####..##.#
#.# #####.### #..##.#
#.##########.# #..##.#
#.......@.##.# #......
#########O##.#######.####
.##<......#.#
.########.#.# .# #.#.# .#
#...# ## #..#####
###..... #.~~~~


You could see a two-headed ogre.

Vanquished Creatures
  Eustachio (D:5)
  A water moccasin (D:6)
  An acid dragon (D:6)
  A centaur (D:6)
  2 bullfrogs (D:6)
  A kobold brigand (D:6)
  A gnoll sergeant (D:6)
  A necrophage (D:4)
  A howler monkey (D:6)
  3 hounds
  Ijyb (D:3)
  3 orc wizards
  3 iguanas
  9 gnolls
  9 adders
  3 white imps
  An ufetubus (D:5)
  2 worms
  2 dart slugs (D:1)
  29 orcs
  6 endoplasms
  5 giant cockroaches
  6 goblins
  11 hobgoblins
  A quokka (D:1)
  9 ball pythons
  5 bats
  3 frilled lizards
  7 kobolds
  4 rats (D:1)
132 creatures vanquished.

Vanquished Creatures (others)
  A demonic plant (D:1)
  4 fungi
5 creatures vanquished.

Grand Total: 137 creatures vanquished

Notes
Turn   | Place    | Note
-------+----------+-------------------------------------------
     0 | D:1      | qw the Demonspawn Cinder Acolyte began the quest for the
                  | Orb.
     0 | D:1      | Reached XP level 1. HP: 18/18 MP: 2/2
     0 | D:1      | 0 ||| qw: Version: 0.1-a-112-g44dc6cd
     0 | D:1      | 0 ||| qw: Game counter: 6698
     0 | D:1      | 0 ||| qw: Always use a shield: true
     0 | D:1      | 0 ||| qw: God list: Okawaru
     0 | D:1      | 0 ||| qw: Allow faded altars: false
     0 | D:1      | 0 ||| qw: Do Orc after D:15 true
     0 | D:1      | 0 ||| qw: Do second Lair branch before Depths: true
     0 | D:1      | 0 ||| qw: Lair rune preference: random
     0 | D:1      | 0 ||| qw: Plans: Normal
     0 | D:1      | 0 ||| PLANNING D:1-11
   249 | D:1      | Reached skill level 3 in Axes
   396 | D:1      | 396 ||| Stepping ~*~*~tactically~*~*~ (stealth).
   397 | D:1      | 397 ||| Stepping ~*~*~tactically~*~*~ (stealth).
   405 | D:1      | Gained mutation: Your movements are slightly less
                  | encumbered by armour. (ER -2) [demonic ancestry]
   405 | D:1      | Reached XP level 2. HP: 23/24 MP: 3/3
   663 | D:1      | 663 ||| INVOKING Fiery Armour.
   879 | D:1      | 879 ||| Stepping ~*~*~tactically~*~*~ (stealth).
   880 | D:1      | 880 ||| Stepping ~*~*~tactically~*~*~ (stealth).
   928 | D:1      | 928 ||| Stepping ~*~*~tactically~*~*~ (stealth).
   931 | D:1      | 931 ||| Stepping ~*~*~tactically~*~*~ (stealth).
   941 | D:1      | 941 ||| Stepping ~*~*~tactically~*~*~ (stealth).
   942 | D:1      | 942 ||| Stepping ~*~*~tactically~*~*~ (stealth).
  1061 | D:1      | Found a faded altar of an unknown god.
  1079 | D:1      | Reached XP level 3. HP: 29/29 MP: 4/4
  1628 | D:1      | 1628 ||| UPGRADING to +0 ring mail.
  1638 | D:1      | 1638 ||| DROPPING +0 robe.
  1639 | D:1      | 1639 ||| UPGRADING to +0 pair of boots.
  1644 | D:1      | 1644 ||| READING scroll labelled MIMODO TOKYGIPS.
  1645 | D:1      | 1645 ||| DRINKING 3 silvery potions.
  1768 | D:2      | 1768 ||| Stepping ~*~*~tactically~*~*~ (stealth).
  1769 | D:2      | 1769 ||| Stepping ~*~*~tactically~*~*~ (stealth).
  1781 | D:2      | 1781 ||| Stepping ~*~*~tactically~*~*~ (stealth).
  2240 | D:2      | 2240 ||| SWAPPING to +0 hand axe of freezing.
  2690 | D:2      | 2690 ||| UPGRADING to ring of willpower.
  2691 | D:2      | 2691 ||| READING scroll labelled LOKKEM IHUP.
  2692 | D:2      | 2692 ||| READING scroll labelled BYDWUE LEIL.
  2693 | D:2      | 2693 ||| READING scroll labelled VYODIE BIRUD.
  2837 | D:3      | 2837 ||| Stepping ~*~*~tactically~*~*~ (stealth).
  2845 | D:3      | Reached XP level 4. HP: 30/35 MP: 5/5
  3076 | D:3      | Noticed Ijyb
  3083 | D:3      | 3083 ||| INVOKING Fiery Armour.
  3092 | D:3      | Killed Ijyb
  3093 | D:3      | Reached skill level 1 in Dodging
  3276 | D:3      | 3276 ||| INVOKING Fiery Armour.
  3287 | D:3      | Gained mutation: You regenerate a little health from kills.
                  | [demonic ancestry]
  3287 | D:3      | Reached XP level 5. HP: 24/41 MP: 6/6
  3439 | D:3      | 3439 ||| Stepping ~*~*~tactically~*~*~ (stealth).
  3480 | D:3      | 3480 ||| Stepping ~*~*~tactically~*~*~ (stealth).
  3487 | D:3      | 3487 ||| Stepping ~*~*~tactically~*~*~ (stealth).
  3503 | D:3      | Reached skill level 1 in Armour
  3519 | D:3      | Found a shadowy altar of Dithmenos.
  3581 | D:3      | Noticed Grinder
  3583 | D:3      | Paralysed by Grinder for 5 turns
  3599 | D:3      | 3599 ||| FLEEEEING.
  3600 | D:3      | 3600 ||| FLEEEEING.
  3601 | D:3      | 3601 ||| FLEEEEING.
  3602 | D:3      | 3602 ||| FLEEEEING.
  3603 | D:3      | 3603 ||| FLEEEEING.
  3604 | D:3      | 3604 ||| FLEEEEING.
  3605 | D:3      | 3605 ||| FLEEEEING.
  3606 | D:3      | 3606 ||| FLEEEEING.
  3607 | D:3      | 3607 ||| STAIRDANCE
  3664 | D:2      | 3664 ||| UPGRADING to +2 ring mail of poison resistance.
  3674 | D:2      | 3674 ||| DROPPING +0 ring mail.
  3675 | D:2      | 3675 ||| UPGRADING to +0 pair of gloves.
  3680 | D:2      | 3680 ||| READING scroll labelled CAYPTISCHEBB.
  3685 | D:2      | 3685 ||| READING 3 scrolls labelled MEINIS MISEUS.
  3686 | D:2      | 3686 ||| DRINKING 2 pink potions.
  3687 | D:2      | 3687 ||| DRINKING 2 glowing orange potions.
  3791 | D:2      | 3791 ||| DROPPING potion of flight.
  3792 | D:2      | 3792 ||| DROPPING potion of berserk rage.
  3793 | D:2      | 3793 ||| DROPPING 2 scrolls of summoning.
  3824 | D:3      | 3824 ||| Stepping ~*~*~tactically~*~*~ (stealth).
  3826 | D:3      | 3826 ||| Stepping ~*~*~tactically~*~*~ (hiding).
  4081 | D:4      | Found a transporter.
  4107 | D:4      | Found a staircase to the Ecumenical Temple.
  4230 | D:4      | Reached XP level 6. HP: 26/47 MP: 7/7
  4373 | D:4      | Identified the +7 dagger of Pesol {venom, rElec rF+ rN+
                  | Dex+4}
  4468 | D:4      | Found a runed translucent door.
  4469 | D:4      | Noticed Crazy Yiuf
  4508 | D:4      | Found an ancient bone altar of Kikubaaqudgha.
  4588 | D:4      | 4588 ||| Stepping ~*~*~tactically~*~*~ (stealth).
  4646 | D:4      | Reached skill level 6 in Axes
  4762 | D:4      | 4762 ||| Stepping ~*~*~tactically~*~*~ (hiding).
  4820 | D:4      | Found a transporter.
  4825 | D:4      | Noticed a toenail golem
  4836 | D:4      | Found a one-way gate to the infinite horrors of the Abyss.
  4836 | D:4      | Noticed qw's ghost (amateur GrBe)
  5071 | D:4      | 5071 ||| DROPPING scarf of harm.
  5072 | D:4      | 5072 ||| READING scroll labelled IMERUIRATE.
  5073 | D:4      | 5073 ||| READING scroll labelled MYSI JEOXY.
  5074 | D:4      | 5074 ||| DRINKING 2 orange potions.
  5098 | D:5      | Entered Level 5 of the Dungeon
  5100 | D:5      | 5100 ||| Stepping ~*~*~tactically~*~*~ (stealth).
  5104 | D:5      | 5104 ||| Stepping ~*~*~tactically~*~*~ (hiding).
  5105 | D:5      | 5105 ||| INVOKING Fiery Armour.
  5202 | D:5      | Noticed Eustachio
  5213 | D:5      | Killed Eustachio
  5214 | D:5      | Reached XP level 7. HP: 19/54 MP: 8/8
  5476 | D:5      | 5476 ||| Stepping ~*~*~tactically~*~*~ (stealth).
  5510 | D:5      | Found Louddadu's Antique Armour Shoppe.
  5519 | D:5      | 5519 ||| BUYING helmet (117 gold).
  5519 | D:5      | Bought a helmet for 117 gold pieces
  5519 | D:5      | 5519 ||| SHOPLISTING pitted ring mail (234 gold, have 104).
  5519 | D:5      | 5519 ||| SHOPLISTING runed orb (312 gold, have 104).
  5736 | D:5      | 5736 ||| DROPPING orb of mayhem.
  5737 | D:5      | 5737 ||| UPGRADING to +0 buckler.
  5742 | D:5      | 5742 ||| UPGRADING to +0 helmet.
  5747 | D:5      | 5747 ||| DRINKING 2 murky black potions.
  5747 | D:5      | Gained mutation: You are weak. (Str -2) [potion of
                  | mutation]
  5748 | D:5      | 5748 ||| READING 6 scrolls of identify.
  5748 | D:5      | 5748 ||| IDENTIFYING viscous coppery potion
  5749 | D:5      | 5749 ||| DRINKING potion of experience.
  5749 | D:5      | Reached skill level 11 in Shields
  5749 | D:5      | Gained mutation: You regenerate health from kills. [demonic
                  | ancestry]
  5749 | D:5      | Reached XP level 8. HP: 60/60 MP: 9/9
  5750 | D:5      | 5750 ||| READING 5 scrolls of identify.
  5750 | D:5      | 5750 ||| IDENTIFYING sapphire potion
  5751 | D:5      | 5751 ||| READING 4 scrolls of identify.
  5751 | D:5      | 5751 ||| IDENTIFYING smoky yellow potion
  5752 | D:5      | 5752 ||| READING 3 scrolls of identify.
  5752 | D:5      | 5752 ||| IDENTIFYING lumpy inky potion
  5753 | D:5      | 5753 ||| READING 2 scrolls of identify.
  5753 | D:5      | 5753 ||| IDENTIFYING glowing ruby potion
  5754 | D:5      | 5754 ||| DROPPING potion of attraction.
  5755 | D:5      | 5755 ||| DROPPING potion of degeneration.
  5789 | D:6      | 5789 ||| Stepping ~*~*~tactically~*~*~ (stealth).
  5814 | D:6      | 5814 ||| INVOKING Fiery Armour.
  5819 | D:6      | 5819 ||| READING scroll of teleportation.
  5819 | D:6      | HP: 15/60 [acid dragon (1)]
  5820 | D:6      | 5820 ||| DRINKING potion of heal wounds.
  5916 | D:6      | 5916 ||| Stepping ~*~*~tactically~*~*~ (stealth).
  5950 | D:6      | Reached skill level 1 in Throwing
  6024 | D:6      | 6024 ||| Stepping ~*~*~tactically~*~*~ (stealth).
  6031 | D:6      | 6031 ||| INVOKING Fiery Armour.
  6034 | D:6      | HP: 14/60 [poisoned by a water moccasin]
  6039 | D:6      | HP: 11/60 [poisoned by a water moccasin]
  6051 | D:6      | 6051 ||| Stepping ~*~*~tactically~*~*~ (stealth).
  6058 | D:6      | 6058 ||| Stepping ~*~*~tactically~*~*~ (stealth).
  6209 | D:6      | 6209 ||| Stepping ~*~*~tactically~*~*~ (stealth).
  6252 | D:6      | 6252 ||| Stepping ~*~*~tactically~*~*~ (stealth).
  6253 | D:6      | 6253 ||| Stepping ~*~*~tactically~*~*~ (stealth).
  6257 | D:6      | 6257 ||| Stepping ~*~*~tactically~*~*~ (stealth).
  6377 | D:6      | 6377 ||| INVOKING Fiery Armour.
  6383 | D:6      | HP: 11/60 [acid dragon/splash of acid (9)]
  6386 | D:6      | 6386 ||| Stepping ~*~*~tactically~*~*~ (stealth).
  6391 | D:6      | HP: 10/60 [bullfrog (3)]
  6430 | D:6      | 6430 ||| Stepping ~*~*~tactically~*~*~ (stealth).
  6503 | D:6      | 6503 ||| Stepping ~*~*~tactically~*~*~ (stealth).
  6542 | D:6      | 6542 ||| Stepping ~*~*~tactically~*~*~ (stealth).
  6544 | D:6      | 6544 ||| Stepping ~*~*~tactically~*~*~ (stealth).
  6545 | D:6      | 6545 ||| Stepping ~*~*~tactically~*~*~ (stealth).
  6546 | D:6      | 6546 ||| Stepping ~*~*~tactically~*~*~ (stealth).
  6547 | D:6      | 6547 ||| Stepping ~*~*~tactically~*~*~ (stealth).
  6548 | D:6      | 6548 ||| FLEEEEING.
  6551 | D:6      | 6551 ||| STAIRDANCE
  6616 | D:6      | 6616 ||| Stepping ~*~*~tactically~*~*~ (hiding).
  6756 | D:6      | Found a burning altar of Makhleb.
  6820 | D:6      | 6820 ||| Stepping ~*~*~tactically~*~*~ (stealth).
  6821 | D:6      | 6821 ||| Stepping ~*~*~tactically~*~*~ (stealth).
  6823 | D:6      | 6823 ||| Stepping ~*~*~tactically~*~*~ (stealth).
  6859 | D:6      | 6859 ||| INVOKING Fiery Armour.
  6864 | D:6      | Gained mutation: Your touch may inflict minor irresistible
                  | damage on your foes. [demonic ancestry]
  6864 | D:6      | Reached XP level 9. HP: 28/65 MP: 10/10
  7126 | D:6      | 7126 ||| Stepping ~*~*~tactically~*~*~ (hiding).
  7127 | D:6      | 7127 ||| Stepping ~*~*~tactically~*~*~ (hiding).
  7359 | D:6      | Noticed a two-headed ogre
  7365 | D:6      | HP: 7/65 [two-headed ogre/+0 giant club (27)]
  7365 | D:6      | Slain by a two-headed ogre

Levels and vault maps discovered:
D:1:      roderic_lyre, layout_basic, shapermc_ecumenical_altar_gd,
          glass_columns_b
D:2:      layout_basic, corner_web_ring, minmay_stone_trees_medium,
          wad_floor_pattern_1
D:3:      layout_rooms, mainiacjoe_overflow_surrounded_room, uniq_grinder,
          uniq_ijyb
D:4:      layout_basic, lemuel_coloured_pillars_altar,
          minmay_temple_entry_junction, gammafunk_ghost_abyssal_escape,
          corexii_hall_statues_u, uniq_crazy_yiuf_cottage
D:5:      layout_rooms, serial_shops, shop, uniq_eustachio
D:6:      layout_loops_ring, mainiacjoe_overflow_paths, dreamdust_gnoll_farm

Skill      XL: |  1  2  3  4  5  6  7  8 |
---------------+-------------------------+-----
Axes           | 3 4 5 6 7 |  7.5
Dodging        | 1 |  1.4
Armour         | 1 2 |  2.0
Fighting       | 4 |  4.0
Shields        | 11 | 11.4
Throwing       | 1 |  1.0
Spellcasting   | |  1.0
Fire Magic     | |  2.6

Action                   |  1- 3 |  4- 6 |  7- 9 || total
-------------------------+-------+-------+-------++-------
Melee: Hand axe          |   155 |   178 |   178 ||   511
       Punch             |       |     1 |       ||     1
Throw: Boomerang         |       |    32 |    21 ||    53
Invok: Fiery Armour      |     1 |     3 |     4 ||     8
  Use: Scroll            |     4 |     4 |     6 ||    14
       Potion            |     1 |     3 |     3 ||     7
Armor: Robe              |    19 |       |       ||    19
       Ring mail         |    31 |    65 |    78 ||   174
Dodge: Dodged            |   102 |    60 |    78 ||   240
Block: Buckler           |       |       |    58 ||    58

Table legend:
 A = Non-vault XP
 B = Vault XP
 C = Vault XP percentage of total XP
 D = Non-vault monster count
 E = Vault monster count
 F = Vault count percentage of total count
                 A         B        C        D         E       F
            +---------+---------+-------+---------+---------+-------
      Total |    1669 |     330 |  16.5 |     126 |       6 |   4.5
            +---------+---------+-------+---------+---------+-------
        D:1 |      49 |       0 |   0.0 |      28 |       0 |   0.0
        D:2 |      32 |       0 |   0.0 |      13 |       0 |   0.0
        D:3 |     181 |      38 |  17.4 |      29 |       1 |   3.3
        D:4 |     179 |       0 |   0.0 |      19 |       0 |   0.0
        D:5 |     196 |     208 |  51.5 |      12 |       1 |   7.7
        D:6 |    1032 |      84 |   7.5 |      25 |       4 |  13.8
            +---------+---------+-------+---------+---------+-------
